EL
READING FIGHTIN PHILS @ BOWIE BAYSOX
05/20/2099
 
TOP OF THE 1ST
Reading Fightin Phils batting - Pitching for Bowie Baysox : LHP Kyle Sledge
Pitching: LHP Kyle Sledge
Batting: RHB Adam Beam 0-0: Called Strike
0-1: Foul Ball, location: 2F
0-2: Strikes out swinging
Batting: LHB Ryan Price 0-0: Called Strike
0-1: Ball
1-1: Ball
2-1: Swinging Strike
2-2: Ball
3-2: Strikes out looking
Batting: LHB Josh Edwards 0-0: Called Strike
0-1: Ball
1-1: Swinging Strike
1-2: Foul Ball, location: 2F
1-2: SINGLE (Line Drive, 7S, EV 107.5 MPH)
Batting: LHB Bryce Jackson 0-0: Swinging Strike
0-1: Ball
1-1: Ball
2-1: Swinging Strike
2-2: Ball
3-2: Strikes out swinging
Top of the 1st over - 0 runs, 1 hit, 0 errors, 1 left on base; Reading 0 - Bowie 0
BOTTOM OF THE 1ST
Bowie Baysox batting - Pitching for Reading Fightin Phils : RHP Daniel Jenney
Pitching: RHP Daniel Jenney
Batting: RHB Jason Farley 0-0: Called Strike
0-1: Ball
1-1: Foul Ball, location: 2F
1-2: Foul Ball, location: 25F
1-2: Strikes out swinging
Batting: RHB Josh Apple 0-0: Fly out, F8 (Flyball, 89D, EV 100.6 MPH)
Batting: LHB Jayden Johnson 0-0: Ball
1-0: Ball
2-0: Ball
3-0: Called Strike
3-1: Base on Balls
Batting: RHB Travis Pesola 0-0: Called Strike
0-1: Foul Ball, location: 5FF
0-2: Ball
1-2: Ball
2-2: Foul Ball, location: 2F
2-2: Foul Ball, location: 2F
2-2: Ball
3-2: Strikes out swinging
Bottom of the 1st over - 0 runs, 0 hits, 0 errors, 1 left on base; Reading 0 - Bowie 0
TOP OF THE 2ND
Reading Fightin Phils batting - Pitching for Bowie Baysox : LHP Kyle Sledge
Batting: RHB Marc Paul 0-0: Fly out, F7 (Flyball, 78D, EV 105.0 MPH)
Batting: LHB Sean Halliburton 0-0: SOLO HOME RUN (Flyball, 9D, EV 99.4 MPH), Distance : 365 ft
Batting: LHB Jim Unknown 0-0: Swinging Strike
0-1: Ball
1-1: Fly out, F7 (Line Drive, 7, EV 88.1 MPH)
Batting: RHB Jim Unknown 0-0: Ball
1-0: Ground out 4-3 (Groundball, 4, EV 88.8 MPH)
Top of the 2nd over - 1 run, 1 hit, 0 errors, 0 left on base; Reading 1 - Bowie 0
BOTTOM OF THE 2ND
Bowie Baysox batting - Pitching for Reading Fightin Phils : RHP Daniel Jenney
Batting: RHB Chris Brewster 0-0: Ball
1-0: Foul Ball, location: 9LMF
1-1: Ball
2-1: SINGLE (Groundball, 6MD, EV 98.1 MPH)
Batting: LHB Ossie Morales 0-0: Called Strike
0-1: Foul Ball, location: 2F
0-2: Ball
1-2: Ball
2-2: Strikes out swinging
Batting: RHB Joe Hutton 0-0: Ball
1-0: 2-RUN HOME RUN (Flyball, 7D, EV 98.8 MPH), Distance : 375 ft
Batting: LHB Scott Guzik 0-0: Ball
1-0: Called Strike
1-1: Ball
2-1: Ground out 5-3 (Groundball, 5, EV 78.8 MPH)
Batting: RHB Jerry Williams 0-0: Fly out, F8 (Flyball, 8LM, EV 91.3 MPH)
Bottom of the 2nd over - 2 runs, 2 hits, 0 errors, 0 left on base; Reading 1 - Bowie 2
TOP OF THE 3RD
Reading Fightin Phils batting - Pitching for Bowie Baysox : LHP Kyle Sledge
Pitching: RHP Jake Rowell
Batting: RHB Jim Unknown 0-0: Ball
1-0: Ball
2-0: Ball
3-0: Called Strike
3-1: Swinging Strike
3-2: SINGLE (Groundball, 56, EV 104.4 MPH)
Batting: RHB Adam Beam 0-0: Ball
1-0: Ball
2-0: Swinging Strike
2-1: Ball
3-1: Foul Ball, location: 3F
3-2: Strikes out swinging
Batting: LHB Ryan Price 0-0: Called Strike
0-1: Foul Ball, location: 2F
0-2: Foul Ball, location: 3F, Error on foul ball, E3
0-2: Foul Ball, location: 2RF
0-2: Grounds into double play, 6-4-3 (Groundball, 6, EV 83.1 MPH)
Top of the 3rd over - 0 runs, 1 hit, 1 error, 0 left on base; Reading 1 - Bowie 2
BOTTOM OF THE 3RD
Bowie Baysox batting - Pitching for Reading Fightin Phils : RHP Daniel Jenney
Batting: RHB Jason Farley 0-0: Called Strike
0-1: Ball
1-1: Ball
2-1: Ground out 2-3 (Groundball, 13S, EV 68.8 MPH)
Batting: RHB Josh Apple 0-0: Ball
1-0: Foul Ball, location: 3FF
1-1: Ground out 6-3 (Groundball, 6, EV 106.9 MPH)
Batting: LHB Jayden Johnson 0-0: Foul Ball, location: 23F
0-1: Swinging Strike
0-2: Strikes out swinging
Bottom of the 3rd over - 0 runs, 0 hits, 0 errors, 0 left on base; Reading 1 - Bowie 2
TOP OF THE 4TH
Reading Fightin Phils batting - Pitching for Bowie Baysox : RHP Jake Rowell
Batting: LHB Josh Edwards 0-0: Called Strike
0-1: Ball
1-1: Ball
2-1: Foul Ball, location: 7LDF
2-2: SINGLE (Line Drive, 89S, EV 99.4 MPH)
Batting: LHB Bryce Jackson 0-0: Fly out, F9 (Flyball, 89M, EV 87.5 MPH)
Batting: RHB Marc Paul 0-0: Called Strike
0-1: Swinging Strike
0-2: Foul Ball, location: 2F
0-2: Foul Ball, location: 7LSF
0-2: Strikes out looking
Batting: LHB Sean Halliburton 0-0: Ball
1-0: Ball
2-0: Ball
3-0: Called Strike
3-1: Single, Error in OF, E8, batter to second base (Flyball, 8LS, EV 99.4 MPH)
Josh Edwards to third
Batting: LHB Jim Unknown 0-0: Called Strike
0-1: Ball
1-1: Swinging Strike
1-2: Ball
2-2: Foul Ball, location: 7LMF
2-2: Ball
3-2: Hit by Pitch
Batting: RHB Jim Unknown 0-0: Ball
1-0: Fielders Choice at 2nd, 5-4 (Groundball, 56, EV 100.0 MPH)
Top of the 4th over - 0 runs, 2 hits, 1 error, 3 left on base; Reading 1 - Bowie 2
BOTTOM OF THE 4TH
Bowie Baysox batting - Pitching for Reading Fightin Phils : RHP Daniel Jenney
Batting: RHB Travis Pesola 0-0: Ball
1-0: Foul Ball, location: 2F
1-1: SINGLE (Groundball, 6MD, EV 100.0 MPH)
Batting: RHB Chris Brewster 0-0: Called Strike
0-1: Swinging Strike
0-2: Grounds into double play, 6-4-3 (Groundball, 6, EV 101.3 MPH)
Batting: LHB Ossie Morales 0-0: Ball
1-0: Called Strike
1-1: DOUBLE (Flyball, 8RXD, EV 96.9 MPH)
Batting: RHB Joe Hutton 0-0: Ball
1-0: Fly out, F5 (Popup, 56S, EV 73.8 MPH)
Bottom of the 4th over - 0 runs, 2 hits, 0 errors, 1 left on base; Reading 1 - Bowie 2
TOP OF THE 5TH
Reading Fightin Phils batting - Pitching for Bowie Baysox : RHP Jake Rowell
Batting: RHB Jim Unknown 0-0: Called Strike
0-1: Ball
1-1: Called Strike
1-2: Ball
2-2: SINGLE (Groundball, 4MD, EV 96.3 MPH)
Batting: RHB Adam Beam 0-0: Swinging Strike
0-1: Ball
1-1: Foul Ball, location: 2F
1-2: Ball
2-2: Ball
3-2: Base on Balls
Jim Unknown to second
Batting: LHB Ryan Price 0-0: Ball
1-0: Foul Ball, location: 7LMF
1-1: Foul Ball, location: 7LMF
1-2: 3-RUN HOME RUN (Flyball, 89XD, EV 100.0 MPH), Distance : 405 ft
Batting: LHB Josh Edwards 0-0: Ball
1-0: Foul Ball, location: 2LF
1-1: Foul Ball, location: 5DF
1-2: Foul Ball, location: 2F
1-2: SINGLE (Line Drive, 5D, EV 104.4 MPH)
Batting: LHB Bryce Jackson 0-0: Ball
1-0: Foul Ball, location: 9LDF
1-1: Ball
2-1: Ball
3-1: Called Strike
3-2: Base on Balls
Josh Edwards to second
Batting: RHB Marc Paul 0-0: Ball
1-0: Ball
2-0: Called Strike
2-1: Fly out, F8 (Flyball, 78M, EV 97.5 MPH)
Batting: LHB Sean Halliburton 0-0: Fly out, F9 (Flyball, 9, EV 83.8 MPH)
Batting: LHB Jim Unknown 0-0: Ball
1-0: Ball
2-0: Swinging Strike
2-1: Fly out, F9 (Line Drive, 89S, EV 91.9 MPH)
Top of the 5th over - 3 runs, 3 hits, 0 errors, 2 left on base; Reading 4 - Bowie 2
BOTTOM OF THE 5TH
Bowie Baysox batting - Pitching for Reading Fightin Phils : RHP Daniel Jenney
Batting: LHB Scott Guzik 0-0: Ball
1-0: Called Strike
1-1: Foul Ball, location: 2F
1-2: Foul Ball, location: 7LSF
1-2: Strikes out looking
Batting: RHB Jerry Williams 0-0: Ball
1-0: Called Strike
1-1: Foul Ball, location: 2F
1-2: Strikes out looking
Batting: RHB Jason Farley 0-0: Ball
1-0: Foul Ball, location: 9LSF
1-1: SINGLE (Groundball, 5L, EV 109.4 MPH) (infield hit)
Batting: RHB Josh Apple 0-0: Ball
1-0: Called Strike
1-1: Called Strike
Jason Farley steals 2nd base
1-2: Ball
2-2: Strikes out looking
Bottom of the 5th over - 0 runs, 1 hit, 0 errors, 1 left on base; Reading 4 - Bowie 2
TOP OF THE 6TH
Reading Fightin Phils batting - Pitching for Bowie Baysox : RHP Jake Rowell
Batting: RHB Jim Unknown 0-0: Ball
1-0: Ball
2-0: Ball
3-0: Foul Ball, location: 3FF
3-1: Ground out 6-3 (Groundball, 6, EV 80.6 MPH)
Batting: RHB Jim Unknown 0-0: Foul Ball, location: 3FF
0-1: Swinging Strike
0-2: SINGLE (Groundball, 3D, EV 105.6 MPH)
Batting: RHB Adam Beam 0-0: Ball
1-0: Fly out, F6 (Popup, 6M, EV 75.6 MPH)
Batting: LHB Ryan Price 0-0: Ball
1-0: Swinging Strike
1-1: Reached on error, E4 (Groundball, 4, EV 83.1 MPH)
Jim Unknown to second
Batting: LHB Josh Edwards 0-0: Ball
1-0: Foul Ball, location: 3F
1-1: 3-RUN HOME RUN (Flyball, 89XD, EV 101.3 MPH), Distance : 424 ft
Pitching: RHP Alex Trevino
Batting: LHB Bryce Jackson 0-0: Ground out U3 (Groundball, 34, EV 83.1 MPH)
Top of the 6th over - 3 runs, 2 hits, 1 error, 0 left on base; Reading 7 - Bowie 2
BOTTOM OF THE 6TH
Bowie Baysox batting - Pitching for Reading Fightin Phils : RHP Daniel Jenney
Batting: LHB Jayden Johnson 0-0: Called Strike
0-1: Ball
1-1: Foul Ball, location: 2F
1-2: Ball
2-2: Strikes out swinging
Batting: RHB Travis Pesola 0-0: Ground out 3-1 (Groundball, 34, EV 91.9 MPH)
Batting: RHB Chris Brewster 0-0: Ball
1-0: Fly out, F8 (Flyball, 8RM, EV 75.0 MPH)
Bottom of the 6th over - 0 runs, 0 hits, 0 errors, 0 left on base; Reading 7 - Bowie 2
TOP OF THE 7TH
Reading Fightin Phils batting - Pitching for Bowie Baysox : RHP Alex Trevino
Batting: RHB Marc Paul 0-0: Foul Ball, location: 3SF
0-1: Ball
1-1: Ball
2-1: Ball
3-1: Called Strike
3-2: Fly out, F9 (Line Drive, 9S, EV 98.8 MPH)
Batting: LHB Sean Halliburton 0-0: Swinging Strike
0-1: Ground out 6-3 (Groundball, 6M, EV 103.8 MPH)
Batting: LHB Jim Unknown 0-0: Fly out, F5 (Popup, 56, EV 67.5 MPH)
Top of the 7th over - 0 runs, 0 hits, 0 errors, 0 left on base; Reading 7 - Bowie 2
BOTTOM OF THE 7TH
Bowie Baysox batting - Pitching for Reading Fightin Phils : RHP Daniel Jenney
Batting: LHB Ossie Morales 0-0: Called Strike
0-1: Ball
1-1: Ball
2-1: Ball
3-1: SINGLE (Line Drive, 4MD, EV 105.6 MPH)
Batting: RHB Joe Hutton 0-0: Ball
1-0: Fly out, F7 (Line Drive, 78M, EV 95.6 MPH)
Batting: LHB Scott Guzik 0-0: Swinging Strike
0-1: Foul Ball, location: 5SF
0-2: SINGLE (Groundball, 5D, EV 102.5 MPH)
Ossie Morales to second
Batting: RHB Jerry Williams 0-0: Called Strike
0-1: Ball
1-1: Ball
2-1: Swinging Strike
2-2: Strikes out looking
Batting: RHB Jason Farley 0-0: Foul Ball, location: 25F
0-1: Ball
1-1: Called Strike
1-2: SINGLE (Line Drive, 34, EV 105.0 MPH)
Ossie Morales to third
Scott Guzik to second
Runner from 3rd tries for Home, SAFE, throw by RF to home
Batting: RHB Josh Apple 0-0: Foul Ball, location: 9LSF
0-1: Ball
1-1: Fly out, F3 (Popup, 3SF, EV 78.1 MPH)
Bottom of the 7th over - 1 run, 3 hits, 0 errors, 2 left on base; Reading 7 - Bowie 3
TOP OF THE 8TH
Reading Fightin Phils batting - Pitching for Bowie Baysox : RHP Alex Trevino
Batting: RHB Jim Unknown 0-0: Ball
1-0: Ball
2-0: Ball
3-0: Base on Balls
Batting: RHB Jim Unknown 0-0: Ball
1-0: Foul Ball, location: 23F
1-1: Ball
2-1: Called Strike
2-2: Strikes out swinging
Batting: RHB Adam Beam 0-0: Called Strike
0-1: Ball
1-1: Ball
2-1: Foul Ball, location: 2RF
2-2: Strikes out swinging
Batting: LHB Ryan Price 0-0: Called Strike
0-1: Foul Ball, location: 7LMF
0-2: Foul Ball, location: 9LMF
0-2: Strikes out swinging
Top of the 8th over - 0 runs, 0 hits, 0 errors, 1 left on base; Reading 7 - Bowie 3
BOTTOM OF THE 8TH
Bowie Baysox batting - Pitching for Reading Fightin Phils : RHP Daniel Jenney
Batting: LHB Jayden Johnson 0-0: Ball
1-0: Fly out, F8 (Line Drive, 89S, EV 90.0 MPH)
Batting: RHB Travis Pesola 0-0: Foul Ball, location: 3FF
0-1: Ball
1-1: Ball
2-1: Foul Ball, location: 3SF
2-2: Ball
3-2: Strikes out looking
Batting: RHB Chris Brewster 0-0: Called Strike
0-1: Foul Ball, location: 2F
0-2: Fly out, F7 (Line Drive, 78M, EV 91.9 MPH)
Bottom of the 8th over - 0 runs, 0 hits, 0 errors, 0 left on base; Reading 7 - Bowie 3
TOP OF THE 9TH
Reading Fightin Phils batting - Pitching for Bowie Baysox : RHP Alex Trevino
Batting: LHB Josh Edwards 0-0: Foul Ball, location: 5SF
0-1: Ball
1-1: Called Strike
1-2: Foul Ball, location: 3F
1-2: Ball
2-2: SINGLE (Flyball, 78S, EV 90.6 MPH) - OUT at second base trying to stretch hit.
Batting: LHB Bryce Jackson 0-0: Called Strike
0-1: Ball
1-1: Ball
2-1: Ball
3-1: Called Strike
3-2: Foul Ball, location: 3FF
3-2: Foul Ball, location: 3DF
3-2: Fly out, F6 (Popup, 6M, EV 65.6 MPH)
Batting: RHB Marc Paul 0-0: Ball
1-0: Swinging Strike
1-1: Swinging Strike
1-2: Ball
2-2: Strikes out swinging
Top of the 9th over - 0 runs, 1 hit, 0 errors, 0 left on base; Reading 7 - Bowie 3
BOTTOM OF THE 9TH
Bowie Baysox batting - Pitching for Reading Fightin Phils : RHP Daniel Jenney
Batting: LHB Ossie Morales 0-0: Called Strike
0-1: Ball
1-1: Foul Ball, location: 2F
1-2: Ball
2-2: Fly out, F8 (Flyball, 8RM, EV 89.4 MPH)
Batting: RHB Joe Hutton 0-0: Ball
1-0: Fly out, F8 (Flyball, 8LM, EV 90.0 MPH)
Batting: LHB Scott Guzik 0-0: Ball
1-0: SINGLE (Line Drive, 89S, EV 111.3 MPH)
Pitching: RHP Estevan Santiago
Pinch Hitting: LHB Jabari Matlock 0-0: Called Strike
0-1: Called Strike
0-2: Foul Ball, location: 23FF
0-2: Ball
1-2: 2-RUN HOME RUN (Flyball, 89XD, EV 105.0 MPH), Distance : 420 ft
Batting: RHB Jason Farley 0-0: Ball
1-0: Ball
2-0: Called Strike
2-1: Swinging Strike
2-2: Foul Ball, location: 25FF
2-2: Foul Ball, location: 2F
2-2: Foul Ball, location: 2F
2-2: Foul Ball, location: 9LSF
2-2: Ground out 6-3 (Groundball, 6S, EV 78.1 MPH)
Bottom of the 9th over - 2 runs, 2 hits, 0 errors, 0 left on base; Reading 7 - Bowie 5
Monday, May 6th , 2024 - OOTP Baseball 24.11 Build 85